 Dungeon Crawl Stone Soup version 0.31.0-32-g396128a36d (webtiles) character file.

Game seed: 9232083677358398710

229 hawla the Slasher (level 5, -4/45 HPs)
             Began as a Minotaur Gladiator on Apr 18, 2024.
             Slain by a ribbon worm (5 damage)
             ... in a sewer.
             The game lasted 00:03:07 (2165 turns).

hawla the Slasher (Minotaur Gladiator)              Turns: 2165, Time: 00:03:08

Health: -4/45      AC:  5    Str: 19    XL:     5   Next: 71%
Magic:  13/13      EV: 11    Int:  5    God:
Gold:   113        SH:  4    Dex: 13    Spells: 4/4 levels left

rFire   . . .        a - +0 long sword
rCold   . . .        o - +0 buckler
rNeg    . . .        k - +0 ring mail
rPois   .            c - +0 hat
rElec   .            (no cloak)
rCorr   .            (no gloves)
SInv    .            (no boots)
Will    .....        (no amulet)
Stlth   +            b - ring of magical power
HPRegen 0.27/turn    (no ring)
MPRegen 0.13/turn

%: no passive effects
@: about to teleport
A: horns 2, retaliatory headbutt
a: no special abilities


You were in a sewer.
You visited 1 branch of the dungeon, and saw 3 of its levels.
You also visited: Sewer.

You collected 113 gold pieces.

Inventory:

Hand Weapons
 a - a +0 long sword (weapon)
Missiles
 d - 3 throwing nets (quivered)
Armour
 c - a +0 hat (worn)
 k - a +0 ring mail (worn)
 o - a +0 buckler (worn)
Jewellery
 b - a ring of magical power (left hand)
Scrolls
 e - a scroll of summoning {unknown}
 f - 2 scrolls of amnesia {unknown}
 g - 2 scrolls of teleportation
 l - a scroll of silence {unknown}
 m - a scroll of fear {unknown}
 n - 2 scrolls of blinking {unknown}
Potions
 i - 2 potions of enlightenment
 j - a potion of mutation


   Skills:
 - Level 3.6 Fighting
 + Level 6.2 Long Blades
 - Level 2.9 Throwing
 - Level 4.1 Dodging


You had 4 spell levels left.
You didn't know any spells.
Your spell library was empty.

Dungeon Overview and Level Annotations

Branches:
Dungeon (3/15)              Sewer (1/1)

Altars:


Innate Abilities, Weirdness & Mutations

You have a pair of horns on your head.
You reflexively headbutt those who attack you in melee.


Message History

You barely miss the ribbon worm. The river rat bites you!
You slash the brain worm! Your headbutt misses the brain worm.
The brain worm is heavily wounded.
The river rat bites you.
The ribbon worm splashes around in the water.
Your unstable footing causes you to fumble your attack.
The river rat barely misses you.
The brain worm splashes around in the water.
The ribbon worm barely misses you.
You hit the brain worm. You headbutt the brain worm.
You kill the brain worm!
The river rat bites you but does no damage.
The ribbon worm expels a string of sticky webbing.
The stream of webbing hits you but does no damage.
You are caught in a web!
The river rat bites you.
Your Long Blades skill increases to level 6!
The river rat barely misses you. The ribbon worm bites you.
You closely miss the river rat. The river rat bites you.
* * * LOW HITPOINT WARNING * * *
The ribbon worm bites you.
* * * LOW HITPOINT WARNING * * *
Unknown command.
Char dumped successfully.
It was a potion of magic.
Magic courses through your body. The river rat barely misses you.
You block the river rat's attack.
You hit the ribbon worm.
The ribbon worm is lightly wounded.
You block the ribbon worm's attack.
The river rat bites you but does no damage.
You barely miss the ribbon worm.
The ribbon worm is lightly wounded.
The ribbon worm bites you but does no damage.
The river rat bites you.
* * * LOW HITPOINT WARNING * * *
As you read the scroll of teleportation, it crumbles to dust.
You feel strangely unstable. The river rat bites you.
* * * LOW HITPOINT WARNING * * *
The ribbon worm bites you.
You die...

~##.#..#.##~≈~# #~≈≈#
~####..####~≈~# #~≈≈#
~# #~.# #~≈~# #~≈≈#
~# #.~# #~≈~# #~≈≈#
~####~~####~≈~###~≈≈#
~~~~~~~~~~~~~~~~~~≈≈#
≈≈≈≈≈÷~≈≈≈≈≈≈≈≈≈≈≈≈≈#
~~~~~..~~.~~~~.~~≈≈≈#
≈###############@≈≈≈#
≈# #wr≈≈# ≈# #††~≈≈#
≈# #~.~≈≈# ≈# ~~~.≈≈#
≈# #.~~≈≈≈# ≈#
..~#≈≈≈# ...~ ≈≈≈#
...~# ≈≈≈#


You could see a ribbon worm and a river rat.

Vanquished Creatures
  A brain worm (Sewer)
  Natasha (thrice) (D:2)
  2 adders (Sewer)
  2 river rats (D:3)
  A dart slug (D:1)
  A ribbon worm (D:2)
  2 endoplasms
  6 giant cockroaches
  A goblin (D:1)
  2 hobgoblins
  A jackal (Sewer)
  6 quokkas
  6 ball pythons
  8 bats
  6 frilled lizards
  4 kobolds
  4 rats
56 creatures vanquished.

Notes
Turn   | Place    | Note
-------+----------+-------------------------------------------
     0 | D:1      | hawla the Minotaur Gladiator began the quest for the Orb.
     0 | D:1      | Reached XP level 1. HP: 18/18 MP: 0/0
   138 | D:1      | Reached XP level 2. HP: 25/25 MP: 1/1
   862 | D:2      | Reached skill level 4 in Long Blades
  1163 | D:2      | Reached XP level 3. HP: 31/31 MP: 2/2
  1215 | D:2      | Noticed Natasha
  1221 | D:2      | Killed Natasha
  1525 | D:2      | Noticed Natasha
  1530 | D:2      | Killed Natasha
  1531 | D:2      | Reached XP level 4. HP: 38/38 MP: 3/3
  1562 | D:2      | Noticed Natasha
  1571 | D:2      | Killed Natasha
  1769 | D:3      | Found a glowing drain.
  1804 | Sewer    | Entered a sewer
  1883 | Sewer    | Reached skill level 5 in Long Blades
  1883 | Sewer    | Reached XP level 5. HP: 45/45 MP: 4/4
  2159 | Sewer    | Reached skill level 6 in Long Blades
  2165 | Sewer    | HP: 1/45 [river rat (2)]
  2165 | Sewer    | Slain by a ribbon worm

Illustrated notes

Levels and vault maps discovered:
D:1:      dpeg_arrival_simpleton_b, layout_basic
D:2:      layout_basic, uniq_natasha
D:3:      layout_loops_corners, portal_sewer_entry_b, minmay_fractal_squares_5
Sewer:    sewer_fruit_machine

Skill      XL: |  1  2  3  4  5 |
---------------+----------------+-----
Long Blades    | 4 5 6 |  6.2
Fighting       | 3 |  3.6
Dodging        | 4 |  4.1
Throwing       | |  2.9

Action                     |  1- 3 |  4- 6 || total
---------------------------+-------+-------++-------
  Melee: Long sword        |    43 |    71 ||   114
         Headbutt          |     9 |    14 ||    23
         Punch             |       |     1 ||     1
    Use: Scroll            |       |     6 ||     6
         Potion            |       |     1 ||     1
 Armour: Leather armour    |     6 |       ||     6
         Ring mail         |    10 |    68 ||    78
  Dodge: Dodged            |    30 |    63 ||    93
  Block: Buckler           |       |    17 ||    17
